cohdb
Replays
Latest Replays
All Replays
Popular Replays
Top Player Replays
Match Explorer
How It Works
Community
CoH3 Stats
Reddit
Sign in to upload your games and track your stats! →
Sign in with Steam
Match 41384972
Unlisted
Match 41384972
Overview
Messages
Build Orders
End
Engineer Squad
Construct Barracks
Selects Heavy Weapons
Riflemen Squad
Riflemen Squad
Grenade Package
Selects Assault Carriers
Mechanized Support Center
Riflemen Squad
Construct Weapon Support Center
Selects Exchangeable Parts
M3 Assault Carrier
Construct Medical Station
Designate Forward Repair Station
M3 Assault Carrier
M1918 Browning Automatic Rifles
Engineer Squad
bloodstark
飞鱼
Henry Shi
快乐虎
masterx.
ShiningRay
Suckobert
CPU - VERY EASY
0
0
Comments
sign in to comment!
No comments posted yet!